 Dungeon Crawl Stone Soup version 0.22.0-6-g71bd7aa (webtiles) character file.

6442 sking99 the Fighter (level 10, -7/115 HPs)
             Began as an Ogre Transmuter on Aug 15, 2018.
             Was a Believer of Ru.
             Mangled by a skeletal warrior
             ... wielding a +0 war axe
             ... led by a skeletal warrior
              (25 damage)
             ... on level 9 of the Dungeon.
             The game lasted 00:31:23 (10662 turns).

sking99 the Fighter (Ogre Transmuter)              Turns: 10662, Time: 00:31:23

Health: -7/115     AC:  3    Str: 16    XL:     10   Next: 99%
Magic:  16/16      EV: 11    Int: 17    God:    Ru [**....]
Gold:   371        SH:  0    Dex:  9    Spells: 8/18 levels left

rFire    + . .     SeeInvis .     - Unarmed
rCold    . . .     Gourm    .   (no shield)
rNeg     . . .     Faith    .   b - +0 robe
rPois    +         Spirit   .   (helmet restricted)
rElec    .         Reflect  .   (no cloak)
rCorr    .         Harm     .   (gloves unavailable)
MR       ++...                  (boots unavailable)
Stlth    ..........             (no amulet)
HPRegen  0.29/turn              o - ring of poison resistance
MPRegen  0.15/turn              y - ring of the Monkey {rF+ MR+}

@: no potions
A: large, unfitting armour, tough skin 1, inability to drink while threatened,
no stealth
a: Renounce Religion


You were on level 9 of the Dungeon.
You worshipped Ru.
Ru was pleased with you.
You were not hungry.

You visited 2 branches of the dungeon, and saw 11 of its levels.

You collected 471 gold pieces.
You spent 100 gold pieces at shops.

Inventory:

Missiles
 a - 266 arrows
Armour
 b - a +0 robe (worn)
 D - a +0 shield
Jewellery
 o - a ring of poison resistance (left hand)
 s - an uncursed ring of protection from fire
 x - an uncursed ring of see invisible
 y - the ring of the Monkey (right hand) {rF+ MR+}
   (You bought it in a shop on level 5 of the Dungeon)

   [ring of protection from magic]

   It protects you from fire.
   It affects your resistance to hostile enchantments.
Wands
 g - a wand of paralysis (29)
 l - a wand of iceblast (12)
 F - a wand of polymorph (16)
Scrolls
 f - a scroll of blinking
 h - a scroll of immolation
 i - 2 scrolls of fog {unknown}
 n - 2 scrolls of amnesia
 q - 2 scrolls of fear
 r - 4 scrolls of magic mapping
 u - 4 scrolls of remove curse
 v - a scroll of enchant armour
 w - 4 scrolls of teleportation
 z - 3 scrolls of enchant weapon
 E - a scroll of identify
Potions
 c - 2 potions of cancellation
 e - 2 potions of berserk rage
 j - 3 potions of might
 k - 4 potions of brilliance
 m - a potion of resistance
 p - 2 potions of curing
 t - a potion of flight
 A - 2 potions of heal wounds
 B - 2 potions of lignification
 C - a potion of agility {unknown}
Comestibles
 d - 18 rations


   Skills:
 - Level 12.0 Fighting
 + Level 3.7 Dodging
 - Level 10.1 Unarmed Combat
 + Level 4.5 Spellcasting
 - Level 4.0 Hexes
 + Level 6.1 Transmutations
 - Level 4.0 Ice Magic
 - Level 1.0 Poison Magic


You had 8 spell levels left.
You knew the following spells:

 Your Spells              Type           Power        Failure   Level  Hunger
a - Confusing Touch       Hex            ###...       2%          1    None
b - Sticks to Snakes      Tmut           ###.....     1%          2    ##.....
c - Spider Form           Tmut/Pois      ###.......   11%         3    ###....
d - Ice Form              Ice/Tmut       ###.....     19%         4    ####...

Your spell library contained the following spells:

 Spells                   Type           Power        Failure   Level  Hunger
 Confuse                  Hex            ###.....     9%          3    ###....
 Blade Hands              Tmut           ###.......   32%         5    ######.
 Metabolic Englaciation   Hex/Ice        ###.......   61%         5    ######.
 Petrify                  Tmut/Erth      ##......     38%         4    ####...
 Beastly Appendage        Tmut           ###...       1%          1    None
 Gell's Gravitas          Tloc           #.........   41%         3    ###....
 Yara's Violent Unravell  Hex/Tmut       ###.......   45%         5    ######.


Dungeon Overview and Level Annotations

Branches:
Dungeon (10/15)            Temple (1/1) D:6
   Lair: D:8-11         Orc: D:9-12

Altars:
Ashenzari
Cheibriados
Dithmenos
Elyvilon
Fedhas
Gozag
Hepliaklqana
Kikubaaqudgha
Makhleb
Nemelex Xobeh
Okawaru
Qazlal
Ru
Sif Muna
Trog
Uskayaw
Vehumet
Wu Jian
Xom
Yredelemnul
Zin
The Shining One

Shops:
D:5 *

Annotations:
D:9 1 runed door


Innate Abilities, Weirdness & Mutations

You are too large for most types of armour.
You have tough skin. (AC +1)
You cannot drink potions while threatened.
You cannot be stealthy.


Message History

Your +0 robe unmelds from your body.
You see here a mace of protection.
You see here a stone.
The skeletal warrior hits you with a war axe!!
You feel threatened and lose the ability to drink potions!
Items here: )) [[ a hand axe; a leather armour; a hand axe; a plate armour
There is a stone staircase leading up here.
There are no items here.
The skeletal warrior hits you with a war axe!!
* * * LOW HITPOINT WARNING * * *
The skeletal warrior hits you from afar with a glaive!
* * * LOW HITPOINT WARNING * * *
You climb upwards.
Level annotation: 1 runed door
There is a stone staircase leading down here.
As you read the scroll of fear, it crumbles to dust.
You assume a fearsome visage.
The skeletal warrior is unaffected.
The skeletal warrior hits you with a war axe!!
You die...

########## #........#
###>######.# #############
....######.# ##.z.#.......# #
........##.# ##.@..........#### #
....###.##.###.............##.###
#.#.###<##.##..................^.
...........##...................#
#.##.##.#####..............#...##
#.##.##.# ##.............##.##
..##.##.# #........####.###.#
####.##.# #.##...#......# #.#
####.##.### #.###.##.########'##


You could see a skeletal warrior.

Vanquished Creatures
  A skeletal warrior (D:10)
  A troll (D:9)
  A wyvern (D:8)
  A spriggan (D:9)
  5 yaks (D:9)
  A steam dragon (D:9)
  3 orc warriors
  An eye of draining (D:9)
  An ice beast (D:9)
  A sky beast (D:6)
  4 phantoms
  5 ogres
  2 necrophages
  5 centaurs
  2 bullfrogs (D:7)
  2 big kobolds
  A wyvern skeleton (D:8)
  4 scorpions
  A howler monkey (D:8)
  5 crimson imps
  A centaur zombie (D:7)
  4 orc priests
  2 bullfrog skeletons
  5 hounds
  4 jellies
  An iguana (D:4)
  2 centaur skeletons
  8 orc wizards
  13 worker ants
  3 gnolls (D:8)
  A howler monkey skeleton (D:9)
  6 adders
  2 shadow imps (D:5)
  An adder zombie (D:7)
  An adder skeleton (D:8)
  A worm (D:2)
  3 dart slugs (D:1)
  9 leopard geckos
  23 orcs
  5 bats
  6 giant cockroaches
  5 goblins
  7 hobgoblins
  2 jackals (D:7)
  3 quokkas
  A ball python (D:2)
  5 frilled lizards
  14 kobolds
  A leopard gecko skeleton (D:4)
  8 rats
194 creatures vanquished.

Notes
Turn   | Place    | Note
-------+----------+-------------------------------------------
     0 | D:1      | sking99 the Ogre Transmuter began the quest for the Orb.
     0 | D:1      | Reached XP level 1. HP: 19/19 MP: 3/3
   359 | D:1      | Reached XP level 2. HP: 28/28 MP: 3/5
   401 | D:1      | Reached skill level 2 in Fighting
   425 | D:1      | Learned a level 2 spell: Sticks to Snakes
   706 | D:1      | Reached XP level 3. HP: 35/36 MP: 4/6
   971 | D:1      | Learned a level 3 spell: Spider Form
  1777 | D:2      | Reached XP level 4. HP: 44/44 MP: 7/7
  1816 | D:2      | Found a shadowy altar of Dithmenos.
  2163 | D:2      | Reached skill level 1 in Poison Magic
  2327 | D:3      | Found a shimmering altar of Xom.
  3451 | D:4      | Noticed a phantom
  3609 | D:3      | Killed a phantom
  3609 | D:3      | Reached XP level 5. HP: 40/50 MP: 2/8
  3672 | D:4      | Reached XP level 6. HP: 59/59 MP: 2/10
  4472 | D:4      | Learned a level 1 spell: Confusing Touch
  4533 | D:5      | Entered Level 5 of the Dungeon
  4544 | D:5      | Reached XP level 7. HP: 51/66 MP: 9/12
  4847 | D:5      | Reached skill level 1 in Hexes
  4875 | D:5      | Reached skill level 5 in Unarmed Combat
  4964 | D:5      | Found Zilo Asa's Assorted Antiques.
  4972 | D:5      | Bought a steaming steel ring for 100 gold pieces
  4972 | D:5      | Identified the ring of the Monkey {rF+ MR+} (You bought it in a shop on level 5 of the Dungeon)
  5521 | D:5      | Found a shadowy altar of Dithmenos.
  5681 | D:6      | Found a staircase to the Ecumenical Temple.
  5767 | D:6      | Reached skill level 3 in Fighting
  5808 | Temple   | Entered the Ecumenical Temple
  5888 | Temple   | Became a worshipper of Ru the Awakened
  5931 | D:6      | Reached skill level 11 in Fighting
  5931 | D:6      | Reached XP level 8. HP: 97/97 MP: 14/14
  6001 | D:6      | Found a burning altar of Makhleb.
  6330 | D:6      | Reached XP level 9. HP: 81/106 MP: 11/15
  6844 | D:7      | Reached skill level 12 in Fighting
  7005 | D:7      | Reached skill level 10 in Unarmed Combat
  7009 | D:7      | Gained mutation: You cannot be stealthy. [Ru sacrifice]
  7233 | D:7      | Learned a level 4 spell: Ice Form
  7656 | D:8      | Got a crude whip
  7657 | D:8      | Identified the cursed +1 whip of Woe {venom, *Slow rElec MR+} (You found it on level 8 of the Dungeon)
  8031 | D:8      | Reached skill level 1 in Ice Magic
  8345 | D:9      | Reached XP level 10. HP: 99/115 MP: 7/16
  8435 | D:9      | Found a runed door.
  8453 | D:9      | Found a runed door.
  8711 | D:9      | Reached skill level 5 in Transmutations
  9059 | D:9      | Gained mutation: You cannot drink potions while threatened. [Ru sacrifice]
  9059 | D:9      | Reached * piety under Ru
  9059 | D:9      | Reached ** piety under Ru
 10159 | D:10     | Entered Level 10 of the Dungeon
 10554 | D:10     | Noticed a skeletal warrior
 10561 | D:10     | Noticed a skeletal warrior
 10562 | D:10     | Noticed a skeletal warrior
 10562 | D:10     | Noticed a skeletal warrior
 10567 | D:10     | Killed a skeletal warrior
 10662 | D:9      | Mangled by a skeletal warrior

Skill      XL: |  1  2  3  4  5  6  7  8  9 10 |
---------------+-------------------------------+-----
Transmutations | 2 3 4 6 |  6.1
Fighting       | 2 11 12 | 12.0
Unarmed Combat | 3 4 9 10 | 10.1
Poison Magic   | 1 |  1.0
Spellcasting   | 3 4 |  4.5
Hexes          | 2 4 |  4.0
Ice Magic      | 1 4 |  4.0
Dodging        | 3 |  3.7

Action                   |  1- 3 |  4- 6 |  7- 9 | 10-12 || total
-------------------------+-------+-------+-------+-------++-------
Melee: Unarmed           |   150 |   129 |   265 |   192 ||   736
       Headbutt          |     9 |       |       |       ||     9
       Punch             |     1 |       |     1 |     1 ||     3
       Kick              |       |     1 |       |       ||     1
       Whip              |       |       |     1 |       ||     1
 Cast: Beastly Appendage |    12 |     2 |       |       ||    14
       Spider Form       |     2 |    10 |    24 |    13 ||    49
       Sticks to Snakes  |       |       |     1 |       ||     1
       Ice Form          |       |       |       |     4 ||     4
       Confusing Touch   |       |       |       |     4 ||     4
Invok: Sacrifice Stealth |       |       |     1 |       ||     1
       Sacrifice Drink   |       |       |       |     1 ||     1
 Abil: End Transformatio |       |       |     1 |       ||     1
  Use: Scroll            |       |    10 |    11 |     1 ||    22
       Potion            |       |       |     1 |       ||     1
  Eat: Chunk             |     4 |     6 |     8 |    10 ||    28
       Ration            |       |     1 |     2 |       ||     3
Armor: Robe              |    30 |    14 |    18 |     1 ||    63
       Skin              |       |     1 |     5 |     8 ||    14
Dodge: Dodged            |    76 |    92 |   165 |    81 ||   414
